AoeStats
← shadynou25

Nomad

507426883Analyzed
3v3 RM · 13d ago on Sep 18, 2026· 70m 22s· 6 players
Game mode
Random Map
Map size
210×210
Population
200
Speed
Normal
Resources
Standard
Victory
Conquest
Starting age
Dark Age
Ending age
Imperial Age
RankedLock teamsTeams togetherTeam positionsShared explorationLock speedFull tech treeHidden civsTurbo modeCheats
Victory
Defeat
🇺🇸 Malay · United States
957
+12
🇨🇳 Persians · China
948
+12
🇺🇸 Romans · United States
891
+15
🇦🇷 Portuguese · Argentina
968
-16
🇦🇷 Huns · Argentina
908
-15
🇦🇷 Shu · Argentina
726
-8
ramiroale91
11:01 Loom
15:16 Feudal Age
15:47 Double-Bit Axe
15:47 Fishing Lines
20:02 Bloodlines
23:04 Castle Age
31:39 Gold Mining
33:56 Bow Saw
38:09 Imperial Age
40:05 Conscription
40:33 Ballistics
43:14 Wheelbarrow
46:14 Elite Organ Gun
55:45 Arquebus
PNAL | Franco El Proctologo
14:31 Loom
16:58 Feudal Age
21:15 Castle Age
Comecaramelos
10:40 Loom
15:30 Feudal Age
17:34 Town Watch
19:10 Wheelbarrow
19:48 Bloodlines
20:29 Forging
20:27 Scale Barding Armor
20:19 Double-Bit Axe
21:01 Fishing Lines
27:04 Castle Age
27:15 Stone Mining
27:49 Husbandry
29:53 Bow Saw
30:59 Pikeman
32:02 Squires
32:05 Scale Mail Armor
34:20 Gold Mining
35:46 Gillnets
37:23 Chain Mail Armor
37:49 Iron Casting
40:31 Hand Cart
41:54 Chain Barding Armor
49:18 Imperial Age
48:43 Horse Collar
51:18 Chemistry
51:08 Gold Shaft Mining
53:53 Halberdier
55:03 Heavy Plow
58:29 Elite Tarkan
59:24 Marauders
61:35 Blast Furnace
61:11 Plate Barding Armor
M3TAL JUNKI3xXx
3:13 Loom
15:42 Feudal Age
17:26 Town Watch
17:47 Double-Bit Axe
23:56 Castle Age
22:55 Stone Mining
22:57 Gold Mining
23:49 Fletching
24:16 Scale Mail Armor
25:20 Wheelbarrow
25:26 Bow Saw
25:14 Horse Collar
26:01 Heavy Plow
27:32 Gold Shaft Mining
27:47 Forging
27:51 Pikeman
28:33 Squires
29:36 Chain Mail Armor
29:36 Man-at-Arms
30:43 Long Swordsman
35:32 Iron Casting
37:34 Ballistas
40:44 Hand Cart
41:35 Town Patrol
46:09 Imperial Age
49:19 Blast Furnace
48:17 Bodkin Arrow
51:43 Capped Ram
57:22 Conscription
57:24 Heavy Scorpion
62:58 Siege Ram
64:25 Halberdier
66:51 Legionary
70:41 Comitatenses
shadynou25
15:28 Feudal Age
15:06 Fishing Lines
15:56 Double-Bit Axe
20:02 Gold Mining
20:01 Horse Collar
23:04 Castle Age
21:40 Wheelbarrow
20:51 Loom
20:53 Town Watch
23:01 Gillnets
24:10 Squires
25:16 Husbandry
26:34 Scale Barding Armor
26:40 Forging
29:22 Iron Casting
31:22 Pikeman
32:23 Bow Saw
35:42 Medium Warships
34:53 Demolition Ship
40:49 Imperial Age
38:52 Heavy Plow
39:44 Hand Cart
40:41 Conscription
41:29 Heavy Warships
42:53 Chemistry
42:00 Siege Engineers
44:19 Blast Furnace
44:05 Elite Battle Elephant
49:56 Light Cavalry
53:58 Crop Rotation
66:34 Thalassocracy
67:09 Coinage
66:40 Caravan
69:24 Banking
69:05 Guilds
69:05 Cavalier
fly
5:58 Loom
Connection lost

Rejoining the realm…

Still unreachable

The connection could not be restored.

Session expired

The server has moved on; the page needs a fresh start.